 Dungeon Crawl Stone Soup version 0.23.1 (webtiles) character file.

Game seed: 7076758489468251512

2107 Lauz the Frost Mage (level 9, -1/53 (57) HPs)
             Began as a Barachi Ice Elementalist on Mar 18, 2019.
             Was an Initiate of Vehumet.
             Slain by a wight
             ... wielding a +4 scimitar
              (5 damage)
             ... on level 6 of the Dungeon.
             The game lasted 00:39:50 (9124 turns).

Lauz the Frost Mage (Barachi Ice Elementalist)      Turns: 9124, Time: 00:39:51

HP:   -1/53 (57)    AC:  6    Str: 11    XL:     9   Next: 28%
MP:   21/21         EV: 11    Int: 18    God:    Vehumet [......]
Gold: 520           SH:  0    Dex: 12    Spells: 15/25 levels left

rFire    . . .     SeeInvis .   C - +0 falchion
rCold    . . .     Gourm    .   (no shield)
rNeg     . . .     Faith    .   x - +3 robe of Clouds {+Thunder rCloud rElec}
rPois    .         Spirit   .   (no helmet)
rElec    +         Reflect  .   (no cloak)
rCorr    .         Harm     .   s - +0 pair of gloves
MR       .....                  (no boots)
Stlth    +.........             (no amulet)
HPRegen  0.17/turn              n - ring of wizardry
MPRegen  0.17/turn              (no ring)

@: can't hop, heavily drained, slow
A: +LOS, swims, slowness 1, strong legs 1
a: Hop, Renounce Religion, Evoke Thunderclouds


You were on level 6 of the Dungeon.
You worshipped Vehumet.
Vehumet was noncommittal.
You were not hungry.

You visited 2 branches of the dungeon, and saw 8 of its levels.

You collected 520 gold pieces.

Inventory:

Hand Weapons
 t - a +2 dagger of venom
 C - a +0 falchion (weapon)
Armour
 a - a +0 robe
 d - a +0 pair of gloves
 s - a +0 pair of gloves (worn)
 x - the +3 robe of Clouds (worn) {+Thunder rCloud rElec}
   (You found it on level 5 of the Dungeon)

   It insulates you from electricity.
Jewellery
 n - a ring of wizardry (left hand)
Wands
 h - a wand of polymorph (13)
 y - a wand of paralysis (11)
 E - a wand of iceblast (12)
Scrolls
 f - a scroll of fear
 i - 2 scrolls of fog {unknown}
 l - 2 scrolls of magic mapping {unknown}
 m - a scroll of immolation
 o - 10 scrolls of identify {unknown}
 p - 2 scrolls of amnesia {unknown}
 q - 3 scrolls of remove curse
 r - a scroll of noise {unknown}
 u - a scroll of enchant armour {unknown}
 A - 2 scrolls of blinking {unknown}
Potions
 b - 3 potions of flight {unknown}
 e - 2 potions of magic {unknown}
 g - a potion of haste {unknown}
 j - 3 potions of agility {unknown}
 k - 2 potions of curing {unknown}
 v - 2 potions of brilliance {unknown}
 w - 2 potions of heal wounds {unknown}
 z - a potion of experience {unknown}
 B - 2 potions of berserk rage {unknown}
 D - a potion of ambrosia {unknown}
 F - a potion of might {unknown}
Comestibles
 c - 9 rations


   Skills:
 - Level 2.1(0.0) Dodging
 - Level 1.7(0.0) Stealth
 + Level 8.6(5.7) Spellcasting
 + Level 4.9(2.3) Conjurations
 + Level 9.5(6.6) Ice Magic
 - Level 0.5(0.0) Evocations


You had 15 spell levels left.
You knew the following spells:

 Your Spells              Type           Power        Failure   Level  Hunger
a - Freeze                Ice            ####         1%          1    None
b - Throw Frost           Conj/Ice       ###...       1%          2    None
c - Throw Icicle          Conj/Ice       ###.....     8%          4    ####...
d - Ozocubu's Armour      Chrm/Ice       ###.....     4%          3    ##.....

Your spell library contained the following spells:

 Spells                   Type           Power        Failure   Level  Hunger
 Summon Ice Beast         Ice/Summ       ###.....     12%         4    ####...


Dungeon Overview and Level Annotations

Branches:
Dungeon (7/15)             Temple (1/1) D:6

Altars:
Cheibriados
Dithmenos
Elyvilon
Fedhas
Gozag
Hepliaklqana
Kikubaaqudgha
Makhleb
Nemelex Xobeh
Okawaru
Qazlal
Ru
Sif Muna
Trog
Uskayaw
Vehumet
Wu Jian
Xom
Yredelemnul
Zin
The Shining One

Shops:
D:4 [   D:5 %   D:6 [


Innate Abilities, Weirdness & Mutations

Shadows flee at your approach. (+LOS)
You can swim through water.
You cover ground slowly.
You can hop short distances.


Message History

Boing!
Your magical contamination has completely faded away.
The wight hits you with a +4 scimitar.
* * * LOW HITPOINT WARNING * * *
The wight hits you but does no damage.
There is a stone staircase leading up here.
The wight closely misses you. The wight hits you with a +4 scimitar!
* * * LOW HITPOINT WARNING * * *
As you read the scroll labeled SUPNIF VEBYTH, it crumbles to dust.
You feel as if something is helping you.
It was a scroll of remove curse.
As you read the scroll labeled SASCHY ACAITANU, it crumbles to dust.
The creatures around you are filled with an inner flame!
It was a scroll of immolation.
The wight barely misses you.
You riposte.
You hit the wight but do no damage.
As you read the scroll labeled DERAMI KEAPOELAI, it crumbles to dust.
You assume a fearsome visage.
The wight is unaffected.
It was a scroll of fear.
The wight hits you with a +4 scimitar.
You die...

#.# ##..##.# #..# #.# ##.####'###
#..# #.####.###.....#
######..#####
#........#.###.######......[.....
######...'.'>#.'......#####.#####
##..#.###.############.#....
##.#..[..#########...[.....
#.###'###..........#[..#..
#.##...#.@######..###.###.
#.###.##.z# #...#...#.. #.#
#.##..# #....._.... #.# #.##..#
##..#...#.. #.# #.##..#
#.###.###. #.# #.....# #..#...#..
#.# ####.## #......... #.# #.#
##........ #.# #.# #########


You could see a wight (inner flame).

Vanquished Creatures
  An orc warrior (D:6)
  2 sky beasts (D:5)
  A necrophage (D:6)
  An ice beast (D:6)
  A centaur (D:5)
  3 ogres
  3 bullfrogs
  A wyvern skeleton (D:6)
  4 scorpions
  4 wights
  A crimson imp (D:6)
  A quasit (D:5)
  3 hounds
  A jelly (D:5)
  An orc priest (D:5)
  A centaur skeleton (D:6)
  3 orc wizards
  Natasha (thrice) (D:2)
  An iguana (D:6)
  4 worker ants
  Robin (D:1)
  6 adders
  2 oozes
  An adder skeleton (D:4)
  An adder zombie (D:6)
  2 worms
  5 leopard geckos
  19 orcs
  3 giant cockroaches
  16 goblins
  10 hobgoblins
  7 jackals
  7 kobolds
  A quokka (D:7)
  2 ball pythons (D:3)
  9 bats
  2 frilled lizards (D:3)
  A leopard gecko skeleton (D:4)
  6 rats
141 creatures vanquished.

Notes
Turn   | Place    | Note
-------+----------+-------------------------------------------
     0 | D:1      | Lauz the Barachi Ice Elementalist began the quest for the
                  | Orb.
     0 | D:1      | Reached XP level 1. HP: 13/13 MP: 3/3
   178 | D:1      | Reached XP level 2. HP: 14/19 MP: 3/5
   271 | D:1      | Reached skill level 4 in Ice Magic
   558 | D:1      | Reached XP level 3. HP: 23/24 MP: 0/7
   814 | D:2      | Noticed Natasha
   820 | D:2      | Killed Natasha
   992 | D:2      | Noticed Natasha
  1002 | D:2      | Killed Natasha
  1002 | D:2      | Reached XP level 4. HP: 21/30 MP: 1/9
  1211 | D:2      | Reached skill level 5 in Ice Magic
  1265 | D:2      | Noticed Robin
  1308 | D:1      | Killed Robin
  1308 | D:1      | Reached XP level 5. HP: 8/35 MP: 0/11
  1594 | D:2      | Noticed Natasha
  1600 | D:2      | Killed Natasha
  1912 | D:2      | Learned a level 2 spell: Throw Frost
  2687 | D:3      | Noticed an ogre
  2696 | D:3      | Killed an ogre
  2696 | D:3      | Reached skill level 6 in Ice Magic
  2696 | D:3      | Reached XP level 6. HP: 32/41 MP: 1/13
  3420 | D:3      | Found an iron altar of Okawaru.
  3429 | D:3      | Found a blossoming altar of Fedhas.
  3514 | D:4      | Noticed a phantom
  3720 | D:4      | Reached skill level 5 in Spellcasting
  3818 | D:4      | Reached XP level 7. HP: 42/46 MP: 4/14
  3840 | D:4      | Found Luyffuiq's Armour Shop.
  4118 | D:4      | Reached skill level 7 in Ice Magic
  4294 | D:4      | Found a bloodstained altar of Trog.
  4634 | D:5      | Entered Level 5 of the Dungeon
  4661 | D:5      | Found a glowing golden altar of the Shining One.
  5161 | D:5      | Found Entikot's Food Shop.
  5162 | D:5      | Found the +3 robe of Clouds {+Thunder rCloud rElec}
  5338 | D:5      | Reached XP level 8. HP: 52/52 MP: 12/17
  5478 | D:5      | Reached skill level 8 in Ice Magic
  5754 | D:5      | Found a glowing silver altar of Zin.
  6479 | D:6      | Found an opulent altar of Gozag.
  6563 | D:6      | Found Kyeshraocs's Armour Shop.
  6694 | D:6      | Found a staircase to the Ecumenical Temple.
  6713 | Temple   | Entered the Ecumenical Temple
  7284 | D:6      | Reached skill level 9 in Ice Magic
  7441 | D:6      | Found a radiant altar of Vehumet.
  7451 | D:6      | Reached XP level 9. HP: 23/53 MP: 17/20
  7592 | D:6      | Became a worshipper of Vehumet
  7847 | D:6      | Learned a level 4 spell: Throw Icicle
  7851 | D:6      | Learned a level 3 spell: Ozocubu's Armour
  9124 | D:6      | Slain by a wight

Skill      XL: |  1  2  3  4  5  6  7  8  9 |
---------------+----------------------------+-----
Ice Magic      | 4 5 6 7 9 |  9.5
Spellcasting   | 3 4 5 6 7 8 |  8.6
Conjurations   | 2 3 4 |  4.9
Dodging        | |  2.1
Stealth        | |  1.7
Evocations     | |  0.5

Action                   |  1- 3 |  4- 6 |  7- 9 || total
-------------------------+-------+-------+-------++-------
Melee: Unarmed           |     8 |       |       ||     8
       Club              |       |    11 |       ||    11
       Dagger            |       |       |    67 ||    67
       Falchion          |       |       |    19 ||    19
 Cast: Freeze            |    43 |    52 |    60 ||   155
       Throw Frost       |       |    58 |   111 ||   169
       Throw Icicle      |       |       |    19 ||    19
       Ozocubu's Armour  |       |       |     1 ||     1
 Abil: Hop               |       |     1 |     4 ||     5
       Evoke Thunderclou |       |       |     1 ||     1
  Use: Scroll            |       |       |     3 ||     3
  Eat: Chunk             |     1 |     5 |     6 ||    12
       Ration            |       |     2 |     4 ||     6
Armor: Robe              |     9 |    10 |    36 ||    55
Dodge: Dodged            |    35 |    39 |    90 ||   164
       Rpst.: Falchion   |       |       |     9 ||     9
